 Dungeon Crawl Stone Soup version 0.19-a0-1007-g133f65f (webtiles) character file.

3640 4thArraOfDagon the Grappler (level 9, -1/71 HPs)
             Began as a Mottled Draconian Abyssal Knight on July 19, 2016.
             Was an Elder of Lugonu.
             Slain by an Executioner (5 damage)
             ... summoned by Lugonu's corruption
             ... in a bailey.
             The game lasted 00:20:54 (3457 turns).

4thArraOfDagon the Grappler (DrAK)                  Turns: 3457, Time: 00:20:54

Health: -1/71      AC:  8    Str: 16    XL:     9   Next: 87%
Magic:  8/15       EV:  8    Int: 15    God:    Lugonu [****..]
Gold:   142        SH:  0    Dex: 13    Spells: 0 memorised, 8 levels left

rFire  . . .     SeeInvis .       - Unarmed
rCold  . . .     Gourm    .     (armour unavailable)
rNeg   . . .     Faith    .     (no shield)
rPois  .         Spirit   .     (helmet restricted)
rElec  .         Dismiss  .     F - +0 cloak
rCorr  .         Reflect  .     (no gloves)
SustAt .         Harm     .     (no boots)
MR     +....                    (no amulet)
Stlth  +.........               A - ring of protection from magic
                                i - +3 ring of dexterity

@: held, somewhat resistant to hostile enchantments, very unstealthy
A: breathe sticky flame splash, unfitting armour, cold-blooded, AC +7
a: Breathe Sticky Flame, Depart the Abyss, Bend Space, Banish, Corrupt, Renounce
Religion


You were in a bailey.
You worshipped Lugonu.
Lugonu was greatly pleased with you.
You were not hungry.

You visited 1 branch of the dungeon, and saw 10 of its levels.
You visited the Abyss 1 time.
You also visited: Bailey.

You collected 371 gold pieces.
You spent 229 gold pieces at shops.

Inventory:

Hand Weapons
 w - the +9 short sword "Jiuf Osuti" {pierce, rF+}
   (You found it on level 6 of the Dungeon)

   It inflicts extra damage upon your enemies.
   It protects you from fire.
 G - a +2 flail of holy wrath
Missiles
 m - 4 javelins (quivered)
 I - 2 throwing nets
Armour
 F - a +0 cloak (worn)
Jewellery
 i - a +3 ring of dexterity (left hand)
 A - a ring of protection from magic (right hand)
Wands
 b - a wand of confusion (11/48)
 e - a wand of flame (0/48)
 o - a wand of iceblast (4/15)
 C - a wand of iceblast (0/15)
Scrolls
 c - a scroll of amnesia {unknown}
 d - a scroll of enchant weapon {unknown}
 h - a scroll of remove curse
 j - 2 scrolls of immolation
 n - 3 scrolls of teleportation {unknown}
 q - 3 scrolls of enchant armour
 r - a scroll of fear {unknown}
 s - a scroll of blinking {unknown}
 x - 2 scrolls of noise
 y - a scroll of magic mapping
Potions
 g - 3 potions of agility {unknown}
 k - a potion of ambrosia {unknown}
 l - a potion of invisibility {unknown}
 p - 5 potions of might
 t - a potion of brilliance
 v - 3 potions of curing
 B - 2 potions of heal wounds
 D - 3 potions of haste
 E - a potion of degeneration {unknown}
Comestibles
 a - 2 bread rations
 f - 6 meat rations
 u - a slice of pizza
 z - 8 royal jellies
 H - a chunk of flesh


   Skills:
 - Level 4.1 Fighting
 + Level 6.6 Dodging
 * Level 10.1 Unarmed Combat
 + Level 8.1 Invocations


You had 8 spell levels left.
You didn't know any spells.

Dungeon Overview and Level Annotations

Branches:
Dungeon (10/15)            Temple (0/1) D:4            Lair (0/6) D:10
    Orc (0/2) D:10

Altars:
Ashenzari
Elyvilon
Gozag
Kikubaaqudgha
Nemelex Xobeh
Okawaru
Pakellas
Qazlal
Vehumet
The Shining One

Shops:
D:8 !%*:

Portals:
Trove: D:10 (give +6 demon whip)

Annotations:
D:4 Dowan, Duvessa Bailey corrupted


Innate Abilities, Weirdness & Mutations

You can spit globs of burning liquid.
You can ignite nearby creatures when you spit burning liquid.
Your weird mottled scales are hard. (AC +7)
Your body does not fit into most forms of armour.
You are cold-blooded and may be slowed by cold attacks.


Message History

Unknown command.
You struggle against the net.
The Executioner hits you!!
* * * LOW HITPOINT WARNING * * *
The Executioner hits you.
* * * LOW HITPOINT WARNING * * *
The Executioner hits you but does no damage.
The thrashing horror tramples something but does no damage.
The thrashing horror tramples something!
Something stumbles backwards!
The gnoll shaman hits the starcursed mass with a halberd!
The starcursed mass shudders and is absorbed by its neighbour.
The crimson imp closely misses the gnoll shaman.
The purple very ugly thing trunk-slaps the gnoll!!
The gnoll dies!
A starcursed mass splits. x2
The large abomination hits the gnoll sergeant!
The starcursed mass closely misses you.
The Executioner hits you but does no damage.
The Executioner hits you.
You die...

.. ##..≈.♣ .g %#..≈.♣♣
.g #!#..≈..♣♣ ### g##.
#..≈...♣ #... #.g.
#.2....♣ u.5.)
Xg###......♣♣
).Zg.g#XXX...#....♣♣♣#
..8..#X@X..#.....)).∩#
.g$gX.XX1Z........♣♣♣#
...#g#######.≈...♣♣
#... #..≈..♣♣ ###
#..≈..♣ #..≈..♣
#..≈.♣♣ #..≈.♣ ..≈≈


You could see 3 gnoll sergeants, 3 gnoll shamans, 4 gnolls, 6 neutral starcursed
masses, a neutral purple very ugly thing, a neutral green death (wandering), a
neutral Executioner (wandering), a neutral thrashing horror, 2 neutral large
abominations, a neutral crimson imp, a neutral anaconda skeleton and a neutral
titan skeleton.

Vanquished Creatures
  Maurice (D:8)
  Sigmund (D:2)
  A wyvern (D:8)
  A black bear (D:9)
  2 orc warriors
  An ice beast (D:10)
  2 phantoms
  2 wasps (D:9)
  3 ogres
  A big kobold (D:9)
  2 giant frogs (D:9)
  A scorpion (D:9)
  2 wyvern skeletons
  19 killer bees
  3 wights (D:8)
  A jelly (D:9)
  3 crimson imps
  4 hounds
  A centaur skeleton (D:9)
  A giant frog skeleton (D:4)
  3 orc priests
  2 orc wizards
  An iguana (D:7)
  2 worker ants
  3 ogre zombies (D:10)
  A hound skeleton (D:6)
  2 gnolls (Bailey)
  5 adders
  A shadow imp (D:10)
  2 oozes
  2 adder skeletons (D:9)
  A worm (D:2)
  A dart slug (D:1)
  24 orcs
  2 ball pythons
  2 giant cockroaches
  5 goblins
  2 hobgoblins
  10 jackals
  A quokka (D:9)
  5 bats
  2 giant newts
  A goblin skeleton (D:10)
  A goblin zombie (D:10)
  11 kobolds
  An orc skeleton (D:10)
  6 orc zombies (D:10)
  A quokka skeleton (D:9)
  3 rats (D:1)
155 creatures vanquished.

Vanquished Creatures (others)
  4 gnoll sergeants (Bailey)
  A wight (D:8)
  A gnoll shaman (Bailey)
  6 gnolls (Bailey)
  A quokka (D:9)
13 creatures vanquished.

Grand Total: 168 creatures vanquished

Notes
Turn   | Place    | Note
-------+----------+-------------------------------------------
     0 | Abyss:1  | 4thArraOfDagon the Draconian Abyssal Knight began the quest for the Orb.
     0 | Abyss:1  | Reached XP level 1. HP: 19/19 MP: 2/2
     0 | Abyss:1  | Turgon: ???
     0 | Abyss:1  | 4thArraOfDagon: ok, lets stop this insanity
    21 | Abyss:2  | Turgon: Why do you drop Lug that early?
    61 | Abyss:2  | Noticed a starcursed mass
    61 | Abyss:2  | Noticed an eye of draining
    64 | D:1      | Escaped the Abyss
   151 | D:2      | Noticed Sigmund
   161 | D:2      | Killed Sigmund
   161 | D:2      | Reached skill level 3 in Unarmed Combat
   161 | D:2      | Reached XP level 2. HP: 6/27 MP: 2/4
   161 | D:2      | Reached XP level 3. HP: 7/33 MP: 2/5
   161 | D:2      | Reached XP level 4. HP: 9/40 MP: 2/6
   161 | D:2      | Reached XP level 5. HP: 11/46 MP: 2/7
   178 | D:2      | Turgon: wow
   193 | D:2      | Turgon: D:1 -> D:5
   295 | D:1      | Reached * piety under Lugonu
   443 | D:2      | 4thArraOfDagon: gotta get xlvl7 asap
   531 | D:2      | Turgon: What do you hope for?
   545 | D:2      | Found a sparkling altar of Nemelex Xobeh.
   546 | D:2      | Found an opulent altar of Gozag.
   604 | D:4      | Noticed Duvessa
   702 | D:3      | magipi: hello
   706 | D:3      | Found an ancient bone altar of Kikubaaqudgha.
   771 | D:3      | Turgon: Hi
   783 | D:3      | magipi: unarmed and dragoin form is the plan?
   855 | D:4      | Noticed Dowan
   895 | D:4      | Reached skill level 4 in Unarmed Combat
   916 | D:4      | Reached XP level 6. HP: 35/52 MP: 8/8
   950 | D:5      | Entered Level 5 of the Dungeon
  1029 | D:4      | Found a staircase to the Ecumenical Temple.
  1050 | D:4      | Turgon: I can't remember any game in which 4thArra went for dragon form
  1096 | D:5      | Reached ** piety under Lugonu
  1159 | D:6      | Turgon: In fact, statue form is better because of some torment protection in extended
  1312 | D:6      | Got a shimmering short sword
  1313 | D:6      | Identified the +9 short sword "Jiuf Osuti" {pierce, rF+} (You found it on level 6 of the Dungeon)
  1339 | D:6      | Turgon: What about your favorite colour, 4thArra?
  1362 | D:6      | Reached skill level 5 in Unarmed Combat
  1392 | D:5      | Found an oddly glowing altar of Pakellas.
  1392 | D:5      | Found a glowing golden altar of the Shining One.
  1392 | D:5      | Found a shattered altar of Ashenzari.
  1392 | D:5      | Found a stormy altar of Qazlal.
  1395 | D:5      | Found a radiant altar of Vehumet.
  1403 | D:6      | Your scales start taking on a weird mottled colour.
  1403 | D:6      | Reached XP level 7. HP: 36/59 MP: 10/10
  1411 | D:6      | magipi: and that is?
  1456 | D:7      | Turgon: For sure not mottled I think
  1456 | D:7      | 4thArraOfDagon: fav colour?
  1456 | D:7      | 4thArraOfDagon: hmm fire i guess
  1456 | D:7      | 4thArraOfDagon: but sticky is amongst top
  1474 | D:7      | Turgon: ?!
  1822 | D:9      | Reached skill level 6 in Unarmed Combat
  1822 | D:9      | Reached skill level 5 in Invocations
  1863 | D:9      | Reached *** piety under Lugonu
  1867 | D:9      | Reached XP level 8. HP: 59/66 MP: 10/12
  1880 | D:9      | Reached skill level 7 in Unarmed Combat
  1933 | D:8      | Found Juwnerre's Food Boutique.
  1942 | D:8      | Found Dobluutz's Distillery.
  1954 | D:8      | Bought 2 potions of might for 112 gold pieces
  1954 | D:8      | Bought a potion of heal wounds for 70 gold pieces
  2040 | D:8      | Found Ecoacvos's Assorted Antiques.
  2044 | D:8      | Reached skill level 5 in Dodging
  2111 | D:8      | Noticed Maurice
  2112 | D:8      | Found an iron altar of Okawaru.
  2113 | D:8      | Bought a scroll labeled BOCHUOTUEL for 25 gold pieces
  2113 | D:8      | Bought a brown potion for 22 gold pieces
  2165 | D:8      | Found Fetitas's Book Shop.
  2170 | D:8      | magipi: did he tele away?
  2170 | D:8      | 4thArraOfDagon: dagon form
  2170 | D:8      | 4thArraOfDagon: i guess
  2170 | D:8      | magipi: :D
  2312 | D:8      | Reached skill level 8 in Unarmed Combat
  2361 | D:8      | Killed Maurice
  2361 | D:8      | Reached XP level 9. HP: 17/71 MP: 12/14
  2403 | D:8      | magipi: first armour piece? :D
  2479 | D:8      | Reached **** piety under Lugonu
  2588 | D:8      | Reached skill level 9 in Unarmed Combat
  2983 | D:9      | magipi: didn't you want to buy some more stuff? potions?
  3009 | D:9      | Found a white marble altar of Elyvilon.
  3185 | D:10     | Entered Level 10 of the Dungeon
  3313 | D:10     | Noticed a vault guard
  3337 | D:10     | Found a portal to a secret trove of treasure.
  3365 | D:10     | Reached skill level 10 in Unarmed Combat
  3393 | D:10     | Found a flagged portal.
  3411 | Bailey   | Entered a bailey
  3452 | Bailey   | Corrupted Bailey
  3452 | Bailey   | Noticed a starcursed mass
  3452 | Bailey   | Noticed a thrashing horror
  3452 | Bailey   | Noticed a starcursed mass
  3452 | Bailey   | Noticed a purple very ugly thing
  3455 | Bailey   | Noticed an Executioner
  3457 | Bailey   | Noticed a green death
  3457 | Bailey   | Slain by an Executioner

Vault maps used:
D:1:      minmay_arrival_widening_spiral_wide, minmay_surrounded
D:2:      grunt_temple_overflow_opulence, first_bread, uniq_sigmund
D:3:      led_sif_book, kiku_gazebo_garden_becter, hangedman_decor_push
D:4:      uniq_duvessa
D:5:      nicolae_overflow_hidden_temple
D:6:      gammafunk_temple_overflow_elements, kennysheep_generic_room_4
D:8:      nicolae_overflow_crystal_walls, serial_shops, shop_statue, shop,
          nicolae_shop_trees, shop_fountains, david_nohive_1, uniq_maurice
D:9:      elyvilon_altar_4
D:10:     lemuel_castle_with_subvaults, minmay_lair_entry_lava,
          zombieorc2_lemuel, enter_trove_5, enter_bailey_3, grunt_decor_cap,
          grunt_decor_fettered
Bailey:   bailey_polearm_gnolls_kennysheep, bailey

Skill      XL: |  1  2  3  4  5  6  7  8  9 |
---------------+----------------------------+-----
Fighting       | 4 |  4.1
Unarmed Combat | 3 4 5 6 8 10 | 10.1
Invocations    | 3 4 5 6 8 |  8.1
Dodging        | 3 4 5 6 |  6.6

Action                   |  1- 3 |  4- 6 |  7- 9 || total
-------------------------+-------+-------+-------++-------
Melee: Unarmed           |     1 |   181 |   192 ||   374
       Tailslap          |       |    29 |    37 ||    66
       Punch             |       |     1 |     5 ||     6
       Short sword       |       |    11 |   121 ||   132
Throw: Javelin           |       |     5 |     6 ||    11
Invok: Depart the Abyss  |     1 |       |       ||     1
       Banish            |       |       |     1 ||     1
       Corrupt           |       |       |     1 ||     1
 Abil: Breathe Sticky Fl |       |       |    29 ||    29
Evoke: Wand              |     8 |    17 |    23 ||    48
  Use: Scroll            |     3 |     5 |     5 ||    13
       Potion            |       |       |     3 ||     3
 Stab: Confused          |       |     3 |     3 ||     6
       Sleeping          |       |     1 |     1 ||     2
       Distracted        |       |     1 |       ||     1
  Eat: Beef jerky        |       |     1 |       ||     1
       Pizza             |       |       |     1 ||     1
       Chunk             |       |       |    10 ||    10
       Fruit             |       |       |     3 ||     3
Armor: Skin              |       |    52 |    89 ||   141
Dodge: Dodged            |       |   129 |   208 ||   337
